 Dungeon Crawl Stone Soup version 0.28-a0-1429-gf3d713df7a (webtiles) character file.

Game seed: 1830799515177570369

39 HallandMoats the Skirmisher (level 3, 0/31 HPs)
             Began as a Ghoul Fighter on Jan 8, 2022.
             Slain by a goblin (5 damage)
             ... led by Robin
             ... on level 2 of the Dungeon.
             The game lasted 00:00:41 (1087 turns).

HallandMoats the Skirmisher (Ghoul Fighter)         Turns: 1087, Time: 00:00:42

Health: 0/31       AC:  6    Str: 19    XL:     3   Next: 45%
Magic:  2/2        EV:  9    Int:  5    God:
Gold:   41         SH:  4    Dex:  8    Spells: 2/2 levels left

rFire   . . .      SeeInvis .   a - +0 war axe
rCold   + . .      Faith    .   c - +0 buckler
rNeg    + + +      Spirit   .   b - +0 scale mail
rPois   ∞          Reflect  .   (no helmet)
rElec   .          Harm     .   (no cloak)
rCorr   .          Rampage  .   (no gloves)
Will    .....                   (no boots)
Stlth   ..........              (no amulet)
HPRegen 0.00/turn               (no ring)
MPRegen 0.08/turn               (no ring)

@: inhibited regen
A: claws 1, cold resistance 1, negative energy resistance 3, inhibited
regeneration, torment resistance 2
a: no special abilities


You were on level 2 of the Dungeon.
You visited 1 branch of the dungeon, and saw 2 of its levels.

You collected 41 gold pieces.

Inventory:

Hand Weapons
 a - a +0 war axe (weapon)
Armour
 b - a +0 scale mail (worn)
 c - a +0 buckler (worn)
Scrolls
 e - a scroll of blinking {unknown}
 f - a scroll of identify {unknown}
 g - a scroll of teleportation {unknown}
 h - a scroll of magic mapping {unknown}
Potions
 d - a potion of might


   Skills:
 + Level 3.5 Fighting
 + Level 2.1 Axes
 + Level 3.0 Armour
 + Level 0.8 Dodging
 * Level 3.1 Shields


You had 2 spell levels left.
You didn't know any spells.
Your spell library contained the following spells:

 Spells                   Type           Power      Damage    Failure   Level
 Dazzling Flash           Conj/Hex       0%         N/A       99%         3
 Iskenderun's Mystic Bla  Conj/Tloc      0%         2d3       100%        4
 Starburst                Conj/Fire      0%         6d3       100%        6


Dungeon Overview and Level Annotations

Branches:
Dungeon (2/15)

Altars:

Annotations:
D:2 Robin


Innate Abilities, Weirdness & Mutations

You thrive by killing the living.
You are immune to poison.
You have sharp fingernails.
Your flesh is cold resistant. (rC+)
You are immune to negative energy. (rN+++)
You do not regenerate when monsters are visible.
You are immune to unholy pain and torment.


Message History

Robin says, "Bow before me, strongest of all the hobgoblins!"
You miss the goblin.
The goblin is severely wounded.
The goblin hits you with a +0 dagger.
You barely miss the goblin.
The goblin is severely wounded.
The goblin hits you with a +0 dagger. The goblin hits you but does no damage.
You closely miss the goblin.
The goblin is severely wounded.
The goblin no longer looks unusually strong.
The goblin hits you with a +0 dagger.
* * * LOW HITPOINT WARNING * * *
You miss the goblin.
The goblin is severely wounded.
The hobgoblin no longer looks unusually strong.
You block the goblin's attack. x2
Robin roars a battlecry!
The goblins go into a battle-frenzy!
You barely miss the goblin.
The goblin is severely wounded.
You block the goblin's attack.
You barely miss the goblin.
The goblin is severely wounded.
The goblin barely misses you. You block the goblin's attack.
You barely miss the goblin.
The goblin is severely wounded.
The goblin no longer looks unusually strong.
The goblin barely misses you.
You hit the goblin.
You kill the goblin!
Robin roars a battlecry!
The goblin goes into a battle-frenzy!
The goblin barely misses you.
You barely miss the goblin. The goblin hits you with a +0 dagger.
* * * LOW HITPOINT WARNING * * *
You closely miss the goblin. The goblin hits you with a +0 dagger.
* * * LOW HITPOINT WARNING * * *
The goblin closely misses you.
You miss the goblin. The goblin hits you with a +0 dagger.
You die...

...... ..... .... ...
g.######## .........
##############))......
#.........)@ggg)......
##.############)......
#.#..........#.......
#†#.########.#.......
#.#.# #.#.......
#.#.########.########
##.#........#.#
#....######.#.######
####.#.....<.........


You could see Robin, a hobgoblin (strong) and a goblin (strong).

Vanquished Creatures
  3 ball pythons (D:1)
  2 bats (D:1)
  An endoplasm (D:1)
  2 giant cockroaches (D:1)
  11 goblins
  3 hobgoblins (D:1)
  2 jackals (D:2)
  A quokka (D:1)
  A frilled lizard (D:1)
  3 kobolds (D:1)
  3 rats (D:1)
32 creatures vanquished.

Notes
Turn   | Place    | Note
-------+----------+-------------------------------------------
     0 | D:1      | HallandMoats the Ghoul Fighter began the quest for the Orb.
     0 | D:1      | Reached XP level 1. HP: 19/19 MP: 0/0
    95 | D:1      | Reached XP level 2. HP: 25/26 MP: 1/1
  1048 | D:2      | Reached XP level 3. HP: 31/31 MP: 2/2
  1063 | D:2      | Noticed Robin
  1087 | D:2      | Slain by a goblin

Illustrated notes

Levels and vault maps discovered:
D:1:      minmay_arrival_jagged, layout_loops_corners,
          chequers_serial_rivers_large_a
D:2:      wad_woods_settlement, layout_basic, interstate_on_off,
          minmay_heptomino_o4, uniq_terence, uniq_robin, uniq_crazy_yiuf_cottage

Skill      XL: |  1  2  3 |
---------------+----------+-----
Axes           | 2 |  2.1
Shields        | 3 |  3.1
Armour         | 3 |  3.0
Fighting       | |  3.5
Dodging        | |  0.8

Action                   || total
-------------------------++-------
Melee: War axe           ||    75
Armor: Scale mail        ||    41
Dodge: Dodged            ||    38
Block: Buckler           ||    16

Table legend: (Time is in decaauts)
 A = Elapsed time spent in this place.
 B = Non-inter-level travel time spent in this place.
 C = Inter-level travel time spent in this place.
 D = Time resting spent in this place.
 E = Time spent auto-exploring this place.
 F = Levels seen in this place.
 G = Mean time per level.
                   A        B        C        D        E       F      G
               +--------+--------+--------+--------+--------+-----+--------+
         Total |   1137 |   1120 |     17 |      0 |    945 |   2 |  568.5 |
       Dungeon |   1137 |   1120 |     17 |      0 |    945 |   2 |  568.5 |
               +--------+--------+--------+--------+--------+-----+--------+

Top non-repeatable levels by time:
     D:1: 1045 daAuts
     D:2: 91 daAuts
